 Dungeon Crawl Stone Soup version 0.22-a0-456-g11ed031 (webtiles) character file.

3005 Ijustatesigmund the Fighter (level 9, -6/102 HPs)
             Began as an Ogre Hunter on June 6, 2018.
             Was a Believer of the Shining One.
             Shot with an arrow by a centaur (17 damage)
             ... on level 7 of the Dungeon.
             The game lasted 00:19:00 (7334 turns).

Ijustatesigmund the Fighter (Ogre Hunter)           Turns: 7334, Time: 00:19:01

Health: -6/102     AC:  4    Str: 18    XL:     9   Next: 84%
Magic:  13/13      EV: 10    Int: 12    God:    the Shining One [**....]
Gold:   344        SH:  0    Dex: 12    Spells: 8/8 levels left

rFire    . . .     SeeInvis .   a - +2 dire flail (freeze) (curse)
rCold    . . .     Gourm    .   (shield currently unavailable)
rNeg     + . .     Faith    .   b - +1 robe
rPois    .         Spirit   .   (helmet restricted)
rElec    .         Reflect  .   (no cloak)
rCorr    .         Harm     .   (gloves unavailable)
MR       .....                  (boots unavailable)
Stlth    +.........             e - amulet of regeneration
HPRegen  0.67/turn              (no ring)
MPRegen  0.13/turn              (no ring)

@: glowing
A: large, unfitting armour, tough skin 1
a: Divine Shield, Renounce Religion


You were on level 7 of the Dungeon.
You worshipped the Shining One.
The Shining One was pleased with you.
You were not hungry.

You visited 2 branches of the dungeon, and saw 8 of its levels.

You collected 344 gold pieces.

Inventory:

Hand Weapons
 a - a cursed +2 dire flail of freezing (weapon)
 k - a +0 giant club
Missiles
 c - 8 large rocks (quivered)
 d - 2 throwing nets
Armour
 b - a +1 robe (worn)
Jewellery
 e - an amulet of regeneration (around neck)
 v - an uncursed amulet of guardian spirit {unknown}
Wands
 w - a wand of scattershot (5)
Scrolls
 i - a scroll of magic mapping
 l - a scroll of enchant weapon
 n - a scroll of fear
 o - 3 scrolls of teleportation
 q - a scroll of fog
 r - 2 scrolls of remove curse
 t - 3 scrolls of amnesia
 u - a scroll of identify
Potions
 g - 3 potions of brilliance
 h - 5 potions of curing
 j - 3 potions of haste
 m - 2 potions of cancellation
 s - a potion of heal wounds {unknown}
Comestibles
 f - 10 rations
 p - a chunk of flesh


   Skills:
 + Level 10.6 Fighting
 * Level 8.5 Maces & Flails
 - Level 4.0 Throwing
 - Level 1.7 Dodging
 - Level 0.6 Stealth
 + Level 5.6 Invocations


You had 8 spell levels left.
You didn't know any spells.
Your spell library was empty.

Dungeon Overview and Level Annotations

Branches:
Dungeon (7/15)             Temple (1/1) D:4

Altars:
Ashenzari
Cheibriados
Dithmenos
Elyvilon
Fedhas
Gozag
Hepliaklqana
Kikubaaqudgha
Makhleb
Nemelex Xobeh
Okawaru
Qazlal
Ru
Sif Muna
Trog
Uskayaw
Vehumet
Wu Jian
Xom
Yredelemnul
Zin
The Shining One


Innate Abilities, Weirdness & Mutations

You are too large for most types of armour.
You have tough skin. (AC +1)


Message History

As you read the scroll of fog, it crumbles to dust.
The scroll dissolves into smoke.
The centaur shoots an arrow.
The arrow hits you.
Okay, then.
As you read the scroll of fear, it crumbles to dust.
You assume a fearsome visage.
The centaur looks frightened!
You start resting.
The centaur is too close now for your liking.
The centaur shoots an arrow.
The arrow hits you!
The centaur shoots an arrow.
The arrow hits you!
* * * LOW HITPOINT WARNING * * *
x2 You see here 2 arrows.
The centaur shoots an arrow.
The arrow hits you!
* * * LOW HITPOINT WARNING * * *
x2 You see here an arrow.
The centaur shoots an arrow.
The arrow hits you.
* * * LOW HITPOINT WARNING * * *
x2 You see here an arrow.
The centaur shoots an arrow.
The arrow hits you!
You die...

########
#......#
#.....(#
#.....(#
#...(.(#
+.....@#
#......#
#......#
......c..
.#####.###.
c ... ..
...# #.
.... #.


You could see a centaur.

Vanquished Creatures
  The ghost of Zorot the Insei, a novice OpMo of Makhleb (D:6)
  A hippogriff (D:7)
  The ghost of Ijustatesigmund the Skirmisher, an amateur OgHu (D:3)
  A spriggan (D:7)
  A water moccasin (D:5)
  An orc warrior (D:7)
  2 sky beasts
  A phantom (D:6)
  3 ogres
  2 centaurs
  A bullfrog (D:7)
  A scorpion (D:5)
  4 wights (D:6)
  A crimson imp (D:6)
  2 howler monkeys (D:6)
  A bullfrog zombie (D:7)
  A jelly (D:5)
  3 orc priests
  2 hounds
  A bullfrog skeleton (D:5)
  2 centaur skeletons
  4 iguanas
  3 worker ants
  3 hound skeletons
  A worker ant zombie (D:6)
  9 gnolls
  9 adders
  3 shadow imps
  2 oozes (D:1)
  3 adder skeletons
  An adder zombie (D:2)
  2 worms
  2 dart slugs (D:4)
  4 leopard geckos
  22 orcs
  2 bat zombies (D:2)
  4 giant cockroaches
  10 goblins
  9 hobgoblins
  7 jackals
  3 quokkas
  11 bats
  4 frilled lizards
  2 jackal skeletons
  8 kobolds
  2 leopard gecko skeletons
  2 leopard gecko zombies
  A quokka skeleton (D:2)
  A quokka zombie (D:4)
  9 rats
176 creatures vanquished.

Notes
Turn   | Place    | Note
-------+----------+-------------------------------------------
     0 | D:1      | Ijustatesigmund the Ogre Hunter began the quest for the Orb.
     0 | D:1      | Reached XP level 1. HP: 22/22 MP: 1/1
    34 | D:1      | Reached skill level 3 in Fighting
   536 | D:1      | Reached XP level 2. HP: 31/31 MP: 2/2
   868 | D:1      | Reached skill level 4 in Fighting
   985 | D:1      | Reached XP level 3. HP: 33/39 MP: 3/3
  1018 | D:1      | Reached skill level 1 in Maces & Flails
  2151 | D:2      | Reached XP level 4. HP: 45/49 MP: 4/4
  2644 | D:2      | Reached skill level 5 in Fighting
  2804 | D:2      | You fall through a shaft for 2 floors!
  2804 | D:4      | Found a staircase to the Ecumenical Temple.
  2839 | Temple   | Entered the Ecumenical Temple
  2947 | Temple   | Became a worshipper of the Shining One
  3111 | D:3      | Noticed Ijustatesigmund's ghost (amateur OgHu)
  3224 | D:3      | Killed Ijustatesigmund's ghost
  3224 | D:3      | Reached skill level 6 in Fighting
  3224 | D:3      | Reached XP level 5. HP: 61/61 MP: 5/5
  3224 | D:3      | Reached XP level 6. HP: 68/68 MP: 6/6
  3272 | D:3      | Found an ornate altar of the Wu Jian Council.
  3359 | D:3      | Found a bloodstained altar of Trog.
  4042 | D:4      | Reached skill level 7 in Fighting
  4287 | D:4      | Reached * piety under the Shining One
  4532 | D:4      | Reached XP level 7. HP: 78/78 MP: 7/7
  5004 | D:5      | Entered Level 5 of the Dungeon
  5129 | D:5      | Reached skill level 8 in Fighting
  5147 | D:5      | Found a basalt altar of Yredelemnul.
  5260 | D:5      | Reached skill level 5 in Maces & Flails
  5279 | D:5      | Found an ornate altar of the Wu Jian Council.
  5281 | D:5      | Found a basalt altar of Yredelemnul.
  5281 | D:5      | Found a blossoming altar of Fedhas.
  5283 | D:5      | Found a white marble altar of Elyvilon.
  5283 | D:5      | Found a blossoming altar of Fedhas.
  5283 | D:5      | Found a shimmering altar of Xom.
  5321 | D:5      | Reached skill level 1 in Invocations
  5369 | D:5      | Reached XP level 8. HP: 78/89 MP: 7/9
  5976 | D:6      | Noticed Zorot's ghost (novice OpMo)
  6040 | D:6      | Killed Zorot's ghost
  6040 | D:6      | Reached skill level 9 in Fighting
  6219 | D:6      | Reached ** piety under the Shining One
  6230 | D:6      | Reached XP level 9. HP: 43/100 MP: 10/12
  6665 | D:6      | Reached skill level 10 in Fighting
  6976 | D:7      | Found an ornate altar of the Wu Jian Council.
  7001 | D:7      | Reached skill level 5 in Invocations
  7334 | D:7      | Shot with an arrow by a centaur

Vault maps used:
D:1:      minmay_arrival_stair_chambers, minmay_pentomino_s4
D:2:      mumra_celtic_spiral_tile, serial_undead, serial_undead_d,
          serial_undead_b, serial_undead_f, serial_undead_a, serial_undead_b,
          serial_undead_c, serial_undead_e, serial_undead_d
D:3:      old_standard_altar, minmay_misc_feat_enclosed, bloody_trog
D:4:      minmay_temple_entry_statues_pillars, first_ration
D:5:      basic_altar, doesnt_xom_only_xom
D:7:      basic_altar, the_bakery
Temple:   kilobyte_greek_temple

Skill      XL: |  1  2  3  4  5  6  7  8  9 |
---------------+----------------------------+-----
Fighting       | 3 4 6 7 8 9 10 | 10.6
Maces & Flails | 1 3 4 5 7 8 |  8.5
Invocations    | 1 4 5 |  5.6
Throwing       | |  4.0
Dodging        | |  1.7
Stealth        | |  0.6

Action                   |  1- 3 |  4- 6 |  7- 9 || total
-------------------------+-------+-------+-------++-------
Melee: Short sword       |   122 |   169 |   145 ||   436
       Dire flail        |       |       |    68 ||    68
       Giant club        |       |       |    13 ||    13
Throw: Large rock        |     3 |     3 |     5 ||    11
Invok: Divine Shield     |       |       |     1 ||     1
  Use: Scroll            |     5 |     9 |     6 ||    20
       Potion            |       |     1 |       ||     1
 Stab: Sleeping          |     2 |       |       ||     2
  Eat: Ration            |     1 |     1 |     1 ||     3
       Chunk             |       |     5 |     6 ||    11
Armor: Robe              |    80 |    64 |    40 ||   184
Dodge: Dodged            |   113 |    90 |   135 ||   338
Block: Other             |       |       |    10 ||    10

Table legend:
 A = Spawn XP
 B = Non-spawn XP
 C = Spawn XP percentage of total XP
 D = Spawn monster count
 E = Non-spawn monster count
 F = Spawn count percentage of total count
 G = Total turns spent on level
                    A         B        C        D         E        F      G
               +---------+---------+-------+---------+---------+-------+---------
         Total |       0 |    4293 |   0.0 |       0 |     176 |   0.0 |  7334
               +---------+---------+-------+---------+---------+-------+---------
           D:1 |       0 |      59 |   0.0 |       0 |      28 |   0.0 |  1886
           D:2 |       0 |      62 |   0.0 |       0 |      30 |   0.0 |  1134
           D:3 |       0 |     380 |   0.0 |       0 |      29 |   0.0 |   646
           D:4 |       0 |     264 |   0.0 |       0 |      17 |   0.0 |  1187
           D:5 |       0 |     691 |   0.0 |       0 |      22 |   0.0 |   972
           D:6 |       0 |    1817 |   0.0 |       0 |      34 |   0.0 |  1203
           D:7 |       0 |    1020 |   0.0 |       0 |      16 |   0.0 |   155
               +---------+---------+-------+---------+---------+-------+---------
